 Dungeon Crawl Stone Soup version 0.30-a0-322-g102857c98e (webtiles) character file.

Game seed: 12157980643929964945

1138 lesbiats the Cudgeller (level 8, -3/78 HPs)
             Began as a Troll Gladiator on Oct 28, 2022.
             Was an Initiate of the Shining One.
             Slain by Prince Ribbit (14 damage)
             ... on level 5 of the Dungeon.
             The game lasted 00:15:32 (4347 turns).

lesbiats the Cudgeller (Troll Gladiator)            Turns: 4347, Time: 00:15:33

Health: -3/78      AC:  4    Str: 25    XL:     8   Next: 14%
Magic:  7/7        EV: 11    Int:  4    God:    the Shining One [......]
Gold:   120        SH:  0    Dex: 11    Spells: 7/7 levels left

rFire   . . .      SeeInvis .    a - +0 giant club
rCold   . . .      Faith    .    (shield currently unavailable)
rNeg    + . .      Spirit   .    i - +0 robe
rPois   .          Reflect  .    c - +0 hat
rElec   .          Harm     .    (no cloak)
rCorr   .          Rampage  .    (gloves unavailable)
Will    .....                    (boots unavailable)
Stlth   +.........               (no amulet)
HPRegen 1.13/turn                r - ring of flight
MPRegen 0.10/turn                t - ring of positive energy

@: flying, glowing
A: large, unfitting armour, claws 3, regeneration 1, shaggy fur 1, tough skin 1
a: Renounce Religion


You were on level 5 of the Dungeon.
You worshipped the Shining One.
The Shining One was noncommittal.
You visited 2 branches of the dungeon, and saw 7 of its levels.

You collected 285 gold pieces.
You spent 165 gold pieces at shops.

Inventory:

Hand Weapons
 a - a +0 giant club (weapon)
 b - a +0 whip of venom
Missiles
 d - 4 throwing nets
 j - 28 stones (quivered)
 y - 5 poisoned darts
 E - 4 atropa-tipped darts
Armour
 c - a +0 hat (worn)
 i - a +0 robe (worn)
Jewellery
 r - a ring of flight (left claw)
 t - a ring of positive energy (right claw)
Wands
 x - a wand of mindburst (13)
 A - a wand of flame (27)
 D - a wand of charming (6)
 F - a wand of polymorph (12)
Scrolls
 f - 3 scrolls of teleportation {unknown}
 g - a scroll of summoning {unknown}
 h - a scroll of immolation {unknown}
 k - 5 scrolls of identify {unknown}
 l - 2 scrolls of fear {unknown}
 o - 2 scrolls of enchant weapon {unknown}
 s - 3 scrolls of butterflies {unknown}
 u - a scroll of noise {unknown}
 v - a scroll of vulnerability {unknown}
 z - a scroll of poison {unknown}
Potions
 m - 4 potions of curing {unknown}
 n - a potion of heal wounds
 p - a potion of magic {unknown}
 q - 3 potions of haste
 w - a potion of invisibility {unknown}
 B - a potion of ambrosia {unknown}
 C - a potion of mutation {unknown}


   Skills:
 + Level 3.8 Fighting
 * Level 6.2 Maces & Flails
 + Level 4.2 Throwing
 + Level 4.2 Dodging


You had 7 spell levels left.
You didn't know any spells.
Your spell library contained the following spells:

 Spells                   Type           Power      Damage    Failure   Level
 Beastly Appendage        Tmut           0%         N/A       50%         1
 Wereblood                Tmut           0%         N/A       65%         2
 Ignite Poison            Fire/Tmut/Pois 0%         N/A       86%         3
 Kindle Blastsparks       Fire/Tloc/Air  0%         2d10      86%         3
 Spider Form              Tmut/Pois      0%         N/A       86%         3
 Sticky Flame             Conj/Fire      0%         2d3       99%         4
 Freezing Cloud           Conj/Ice/Air   0%         6-21      100%        5
 Ignition                 Fire           0%         3d3       100%        8


Dungeon Overview and Level Annotations

Branches:
Dungeon (6/15)             Temple (1/1) D:4

Altars:
Ashenzari
Cheibriados
Dithmenos
Elyvilon
Fedhas
Gozag
Hepliaklqana
Kikubaaqudgha
Makhleb
Nemelex Xobeh
Okawaru
Qazlal
Sif Muna
Trog
Uskayaw
Vehumet
Wu Jian
Xom
Yredelemnul
Zin
The Shining One

Shops:
D:4 **   D:5 =

Annotations:
D:4 2 transporters, jlumianski's ghost, amateur DsGl
D:5 Prince Ribbit


Innate Abilities, Weirdness & Mutations

You are too large for most types of armour.
You have claws for hands.
Your natural rate of healing is unusually fast.
You are covered in fur. (AC +1)
You have tough skin. (AC +1)


Message History

Throw: 29 stones
Press: ? - help, Q - select action, (/) - cycle Shift-Dir - straight line, f/p - Prince Ribbit
Aim: Prince Ribbit (severely wounded, 36% to hit)
You throw a stone. The stone closely misses Prince Ribbit.
Prince Ribbit hits you!
You completely miss Prince Ribbit.
Prince Ribbit is severely wounded.
Prince Ribbit blinks! x2
Prince Ribbit blinks!
You closely miss Prince Ribbit.
Prince Ribbit is severely wounded.
Prince Ribbit barely misses you. Prince Ribbit hits you!
You barely miss Prince Ribbit.
Prince Ribbit is severely wounded.
Prince Ribbit hits you!!
You miss Prince Ribbit.
Prince Ribbit is severely wounded.
Prince Ribbit hits you but does no damage.
Prince Ribbit hits you!
* * * LOW HITPOINT WARNING * * *
Prince Ribbit hits you!
* * * LOW HITPOINT WARNING * * *
Prince Ribbit barely misses you.
Prince Ribbit lets out a mournful croak.
Prince Ribbit attacks as you move away! Prince Ribbit completely misses you.
Prince Ribbit hits you.
* * * LOW HITPOINT WARNING * * *
There is a stone staircase leading up here.
Prince Ribbit closely misses you.
You fly upwards.
There is a stone staircase leading down here.
Prince Ribbit hits you.
* * * LOW HITPOINT WARNING * * *
Prince Ribbit attacks as you move away! Prince Ribbit misses you.
Prince Ribbit blinks!
Prince Ribbit catches a centipede with his tongue.
Prince Ribbit hits you!
* * * LOW HITPOINT WARNING * * *
Prince Ribbit attacks as you move away! Prince Ribbit hits you!
You die...

####################
#..................#
######################.#
##≈≈##### #.# #
##≈≈###..######### #.#
###≈≈##.........>..# #.#
.##≈≈≈#....#####F### #.#
.#≈≈≈##....# #@# #.#
P≈≈≈≈~~....#####.# #.#
~~≈≈~......##....# #.#
≈≈≈~P~.....##.##.#########.#
≈~P.....+#............<....#
≈~~P.............#######.###
~~~...........##.# #.#
≈~~..##.......##.# #.#
~P...###'####.##.# #.#


You could see Prince Ribbit.

Vanquished Creatures
  A water moccasin (D:6)
  An ogre (D:4)
  A phantom (D:4)
  5 scorpions
  A howler monkey (D:5)
  3 hounds
  2 orc priests
  2 jellies
  3 orc wizards
  3 iguanas
  7 adders
  A gnoll (D:1)
  A white imp (D:5)
  An ufetubus (D:6)
  2 worms
  A dart slug (D:3)
  19 orcs
  6 endoplasms
  2 giant cockroaches (D:1)
  2 goblins (D:2)
  8 hobgoblins
  3 jackals (D:5)
  A quokka (D:3)
  3 ball pythons
  4 bats
  2 frilled lizards (D:3)
  7 kobolds
  6 rats
98 creatures vanquished.

Vanquished Creatures (others)
  A plant (D:5)
1 creature vanquished.

Grand Total: 99 creatures vanquished

Notes
Turn   | Place    | Note
-------+----------+-------------------------------------------
     0 | D:1      | lesbiats the Troll Gladiator began the quest for the Orb.
     0 | D:1      | Reached XP level 1. HP: 19/19 MP: 0/0
   273 | D:1      | Reached XP level 2. HP: 28/28 MP: 1/1
   322 | D:1      | Reached skill level 3 in Maces & Flails
   593 | D:1      | Reached XP level 3. HP: 35/35 MP: 2/2
   741 | D:2      | Noticed a scorpion
   742 | D:2      | Killed a scorpion
   743 | D:2      | Reached XP level 4. HP: 42/42 MP: 3/3
  1432 | D:3      | Reached skill level 4 in Maces & Flails
  1432 | D:3      | Reached XP level 5. HP: 49/50 MP: 4/4
  1646 | D:3      | Found a glowing silver altar of Zin.
  1646 | D:3      | Noticed an angel
  1650 | D:3      | Found a shimmering altar of Xom.
  2138 | D:4      | Reached XP level 6. HP: 53/59 MP: 5/5
  2260 | D:4      | Found a transporter.
  2265 | D:4      | Found a transporter.
  2268 | D:4      | Noticed jlumianski's ghost (amateur DsGl)
  2416 | D:4      | Reached skill level 5 in Maces & Flails
  2456 | D:4      | Found a staircase to the Ecumenical Temple.
  2476 | Temple   | Entered the Ecumenical Temple
  2486 | Temple   | Became a worshipper of the Shining One
  2520 | D:4      | Found Sawysyma's General Store.
  2532 | D:4      | Bought a potion of heal wounds for 55 gold pieces
  2532 | D:4      | Bought a potion of haste for 110 gold pieces
  2602 | D:4      | Reached XP level 7. HP: 39/67 MP: 6/6
  2677 | D:4      | Found Kyishrano's Assorted Antiques.
  3080 | D:5      | Entered Level 5 of the Dungeon
  3113 | D:5      | Found Yholaira's One-of-a-Kind Rings.
  3491 | D:5      | Reached skill level 6 in Maces & Flails
  3491 | D:5      | Reached XP level 8. HP: 78/78 MP: 7/7
  3849 | D:5      | Found a broken altar of Ashenzari.
  3877 | D:5      | Found a stormy altar of Qazlal.
  4222 | D:6      | Noticed Prince Ribbit
  4347 | D:5      | Slain by Prince Ribbit

Illustrated notes

Levels and vault maps discovered:
D:1:      shiori_shiawase, layout_basic
D:2:      layout_loops_ring, hangedman_abyss_or_decor_stabs, glass_columns_c,
          serial_park_tiny_pond
D:3:      layout_loops_ring, grunt_temple_overflow_order_and_chaos_1,
          grunt_decor_cap
D:4:      layout_basic, temple_hall, serial_shops, nicolae_take_the_stairs,
          shop, gammafunk_ghost_arena, item_on_display_a
D:5:      layout_basic, mainiacjoe_overflow_swirl, nicolae_shop_unique_rings,
          minmay_misc_feat_roman, chequers_big_river, kennysheep_small_square
D:6:      layout_loops_ring, cheibrodos_sewer_entry_sluice, nrook_uturn,
          uniq_prince_ribbit1, uniq_pikel
Temple:   sentei_temple_godly_chess

Skill      XL: |  1  2  3  4  5  6  7 |
---------------+----------------------+-----
Maces & Flails | 3 4 5 6 |  6.2
Throwing       | 2 3 4 |  4.2
Fighting       | 2 3 |  3.8
Dodging        | 3 4 |  4.2

Action                   |  1- 3 |  4- 6 |  7- 9 || total
-------------------------+-------+-------+-------++-------
Melee: Flail             |    27 |    96 |       ||   123
       Whip              |    22 |    30 |    25 ||    77
       Punch             |       |     1 |     1 ||     2
       Giant club        |       |       |    67 ||    67
Throw: Stone             |     5 |    42 |    13 ||    60
       Large rock        |     1 |     1 |     2 ||     4
       Dart              |       |       |     1 ||     1
 Stab: Sleeping          |     1 |     1 |       ||     2
Armor: Robe              |    17 |    39 |    33 ||    89
Dodge: Dodged            |    27 |    65 |    62 ||   154

Table legend: (Time is in decaauts)
 A = Elapsed time spent in this place.
 B = Non-inter-level travel time spent in this place.
 C = Inter-level travel time spent in this place.
 D = Time resting spent in this place.
 E = Time spent auto-exploring this place.
 F = Levels seen in this place.
 G = Mean time per level.
                   A        B        C        D        E       F      G
               +--------+--------+--------+--------+--------+-----+--------+
         Total |   4381 |   4073 |    308 |    231 |   2615 |   7 |  625.9 |
       Dungeon |   4362 |   4054 |    308 |    231 |   2615 |   6 |  727.0 |
        Temple |     18 |     18 |      0 |      0 |      0 |   1 |   18.0 |
               +--------+--------+--------+--------+--------+-----+--------+

Top non-repeatable levels by time:
     D:5: 1212 daAuts
     D:4: 984 daAuts
     D:3: 776 daAuts
     D:1: 698 daAuts
     D:2: 623 daAuts
     D:6: 67 daAuts
  Temple: 18 daAuts
